[Event "Team 45 45 League T37"]
[Site "Internet Chess Club"]
[Date "2008.05.16"]
[Round "4"]
[White "Visin"]
[Black "moreffee"]
[Result "1-0"]
[WhiteElo "1341"]
[BlackElo "1260"]
[Opening "Scandinavian defense"]
[ECO "B01"]
[Time "15:01:36"]
[TimeControl "2700+45"]

1. e4 d5 2. exd5 Nf6 3. Nf3 Nxd5 4. d3 Nc6 5. c4 Ndb4 6. a3 Na6 7. b4 Nd4 8. Bb2
c5 9. b5 Nc7 10. Nxd4 cxd4 11. Be2 e5 12. O-O Ne6 13. a4 b6 14. Nd2 Bb7 15. Nf3
Bd6 16. Qd2 O-O 17. a5 a6 18. Ba3 axb5 19. cxb5 Rxa5 20. Bxd6 Rxa1 21. Rxa1 Qxd6
22. Ra7 Nc5 23. Qa2 Bd5 24. Qa3 f6 25. Nh4 g6 26. Bf3 e4 27. Be2 Rf7 28. dxe4
Rxa7 29. Qxa7 Bxe4 30. Bc4+ Bd5 31. Qa8+ Kg7 32. Bxd5 Qf4 33. Qg8+ Kh6 34. Qf8+
Kh5 35. g3 Qc1+ 36. Kg2 d3 37. Bf3+ Kg5 38. Qd6 Qc4 39. Qxb6 d2 40. Qd6 Nd3 41.
Be2 Ne1+ 42. Kf1 Qe4 43. Qxd2+ {Black resigns} 1-0

[Event "Team 45 45 League T37"]
[Site "Internet Chess Club"]
[Date "2008.05.21"]
[Round "4"]
[White "jjaillet2007"]
[Black "smcintyr11"]
[Result "1-0"]
[WhiteElo "1233"]
[BlackElo "1197"]
[Opening "QGD Slav defense"]
[ECO "D10"]
[Time "20:59:56"]
[TimeControl "2700+45"]

1. d4 d5 2. c4 c6 3. Nc3 Nf6 4. cxd5 cxd5 5. Bf4 Nc6 6. e3 e6 7. Bd3 h6 8. Nf3
Bd6 9. O-O Bxf4 10. exf4 O-O 11. Re1 Re8 12. Nh4 Nxd4 13. Bb1 Nc6 14. Qd3 e5 15.
Qg3 exf4 16. Rxe8+ Qxe8 17. Qd3 Qe1+ 18. Qf1 Qxf1+ 19. Kxf1 g5 20. Nf5 Bxf5 21.
Bxf5 Re8 22. Nb5 d4 23. Rd1 Rd8 24. f3 a6 25. Na3 Nb4 26. Nc4 Nxa2 27. Na5 Rd5
28. Bb1 Rxa5 29. Rxd4 Nc1 30. Rd8+ Kg7 31. Rb8 Rb5 32. Rc8 Nb3 33. Bd3 Rb6 34.
Kf2 Nd4 35. b4 Rxb4 36. g3 Rb2+ 37. Ke1 Nxf3+ 38. Kf1 Nxh2+ 39. Ke1 f3 40. Rc2
Rxc2 41. Bxc2 b5 42. Kf2 g4 43. Kg1 a5 44. Kxh2 a4 45. Kg1 b4 46. Bxa4 Nd5 47.
Kf2 f5 48. Bb3 Kf6 49. Bxd5 Ke5 50. Bb3 Kd4 51. Bc2 Kc3 52. Bxf5 b3 53. Bxg4 b2
54. Bf5 Kd2 55. Kxf3 Kc1 56. g4 b1=Q 57. Bxb1 Kxb1 58. Kf4 Kc2 59. Kf5 Kd3 60.
Kg6 Ke4 61. Kxh6 Ke5 62. g5 Ke6 63. g6 Ke7 64. g7 Kf7 65. Kh7 {Black resigns}
1-0

[Event "Team 45 45 League T37"]
[Site "Internet Chess Club"]
[Date "2008.05.19"]
[Round "4"]
[White "joaoazm"]
[Black "Daidalos"]
[Result "0-1"]
[WhiteElo "1179"]
[BlackElo "1108"]
[Opening "Lengfellner system"]
[ECO "C01"]
[Time "17:01:40"]
[TimeControl "2700+45"]

1. e4 e6 2. d4 d6 3. Nf3 Be7 4. Nc3 Nd7 5. d5 Nb6 6. Bb5+ Nd7 7. O-O a6 8. Bc4
Nc5 9. b4 b5 10. Bd3 Nb7 11. a3 e5 12. Be3 Bg4 13. Be2 Bxf3 14. Bxf3 Bf6 15. g3
Ne7 16. h4 O-O 17. Bg5 Bxg5 18. hxg5 Ng6 19. Qd2 a5 20. Bh5 axb4 21. axb4 Rxa1
22. Rxa1 Qd7 23. Bxg6 fxg6 24. Kg2 Qf7 25. Qe3 Qd7 26. Rf1 c5 27. bxc5 Nxc5 28.
f3 b4 29. Ne2 Ra8 30. Rc1 Ra3 31. Qg1 b3 32. cxb3 Rxb3 33. Qh2 Nd3 34. Rh1 Ne1+
35. Rxe1 Qf7 36. f4 exf4 37. gxf4 Kh8 38. Rh1 Qg8 39. e5 Qxd5+ 40. Kf1 Qf3+ 41.
Qf2 Rb1+ 42. Nc1 Rxc1# {White checkmated} 0-1

[Event "Team 45 45 League T37"]
[Site "Internet Chess Club"]
[Date "2008.05.23"]
[Round "4"]
[White "uipawn"]
[Black "bjc"]
[Result "1/2-1/2"]
[WhiteElo "1225"]
[BlackElo "1328"]
[Opening "Sicilian defense"]
[ECO "B30"]
[Time "20:07:06"]
[TimeControl "2700+45"]

1. e4 c5 2. Nf3 Nc6 3. d3 g6 4. d4 cxd4 5. Nxd4 Bg7 6. c3 Nf6 7. Bd3 O-O 8. O-O
d5 9. exd5 Nxd5 10. Nxc6 bxc6 11. Be4 Bb7 12. a4 Qc7 13. g3 Rad8 14. Bg2 Rd7 15.
Nd2 Rfd8 16. Rb1 Nf6 17. Qb3 h5 18. Ne4 Nxe4 19. Bxe4 Rd6 20. Bf4 e5 21. Be3 Bc8
22. Bc5 Rf6 23. Be3 Be6 24. Qc2 Bh3 25. Bg2 Bf5 26. Be4 Bxe4 27. Qxe4 Rfd6 28.
Qc2 c5 29. Rbd1 Qc6 30. h4 Bf6 {Game drawn by mutual agreement} 1/2-1/2

[Event "Team 45 45 League T37"]
[Site "Internet Chess Club"]
[Date "2008.05.18"]
[Round "4"]
[White "Duck-Man"]
[Black "gsloan"]
[Result "1-0"]
[WhiteElo "1228"]
[BlackElo "1224"]
[Opening "French: Schlechter variation"]
[ECO "C01"]
[Time "15:09:39"]
[TimeControl "2700+45"]

1. e4 e6 2. d4 d5 3. Bd3 c5 4. Nf3 Qb6 5. Nc3 Nc6 6. exd5 Nxd4 7. O-O exd5 8.
Nxd5 Qd6 9. Re1+ Be7 10. Bc4 a6 11. Bg5 f6 12. Bf4 Qd8 13. Nc7+ Kf8 14. Nxa8 Bf5
15. Nxd4 cxd4 16. Nc7 g5 17. Bg3 h5 18. Be6 h4 19. Bxf5 hxg3 20. Ne6+ Kf7 21.
Nxd8+ {Black resigns} 1-0

[Event "Team 45 45 League T37"]
[Site "Internet Chess Club"]
[Date "2008.05.18"]
[Round "4"]
[White "anatolybcn"]
[Black "Skyler"]
[Result "0-1"]
[WhiteElo "1174"]
[BlackElo "1253"]
[Opening "Caro-Kann defense"]
[ECO "B10"]
[Time "15:58:02"]
[TimeControl "2700+45"]

1. e4 c6 2. Nf3 d5 3. exd5 cxd5 4. d4 Bf5 5. Bd3 Bg6 6. Bxg6 hxg6 7. Bf4 e6 8.
a3 Nf6 9. Nbd2 Nc6 10. h3 Bd6 11. Bxd6 Qxd6 12. c3 O-O 13. O-O Rfe8 14. Re1 Rac8
15. Ne5 Nd7 16. f4 Ndxe5 17. fxe5 Qe7 18. Rf1 Rc7 19. Nf3 Rec8 20. Ng5 Qxg5 21.
Rf3 Rd7 22. Qe2 Rcc7 23. Raf1 a6 24. Qe1 b5 25. h4 Qd8 26. Qg3 a5 27. h5 gxh5
28. Rf4 g6 29. Rh4 Kh7 30. Qd3 Kh8 31. Rh3 b4 32. g4 Qg5 33. Kh2 bxc3 34. bxc3
Qxg4 35. Rg3 Qh4+ 36. Kg2 Qe4+ 37. Qxe4 dxe4 38. Re3 Nxd4 39. cxd4 Rxd4 40. Kg3
g5 41. Rh1 Kg7 42. Rxh5 Rd3 43. Rxg5+ Kh6 44. Rxd3 exd3 45. Rg4 Rd7 46. Rh4+ Kg5
47. Rg4+ Kf5 48. Kf3 d2 {White resigns} 0-1

[Event "Team 45 45 League T37"]
[Site "Internet Chess Club"]
[Date "2008.05.16"]
[Round "4"]
[White "bowwrestler"]
[Black "tcianciola"]
[Result "0-1"]
[WhiteElo "948"]
[BlackElo "1127"]
[Opening "Sicilian defense"]
[ECO "B32"]
[Time "08:55:42"]
[TimeControl "2700+45"]

1. e4 c5 2. Nf3 Nc6 3. d4 Nxd4 4. Nxd4 cxd4 5. Qxd4 d6 6. Bb5+ Bd7 7. Bxd7+ Qxd7
8. Qd3 e5 9. f4 Qe6 10. O-O Nf6 11. Nc3 Be7 12. f5 Qc8 13. b3 O-O 14. Bb2 Ng4
15. Qg3 Qc5+ 16. Kh1 Ne3 17. Rac1 Nxf1 18. Rxf1 f6 19. Rf3 Qd4 20. Qg4 Qd2 21.
h3 Qxc2 22. Nd5 Rf7 23. Nxe7+ Rxe7 24. Qh4 Qxb2 25. a4 Rc8 26. Rg3 Qb1+ 27. Kh2
Rc1 28. Rg4 Rh1+ 29. Kg3 Qd3+ 30. Kf2 Qf1+ 31. Kg3 Qd3+ 32. Kf2 Rf1# {White
checkmated} 0-1

[Event "Team 45 45 League T37"]
[Site "Internet Chess Club"]
[Date "2008.05.19"]
[Round "4"]
[White "vkpanch"]
[Black "aifan376"]
[Result "0-1"]
[WhiteElo "1672"]
[BlackElo "1643"]
[Opening "French: advance variation"]
[ECO "C02"]
[Time "21:30:56"]
[TimeControl "2700+45"]

1. e4 e6 2. d4 d5 3. e5 c5 4. c3 Qb6 5. Nf3 Nc6 6. a3 cxd4 7. cxd4 Nge7 8. Nc3
Nf5 9. Bb5 Be7 10. O-O O-O 11. Bxc6 bxc6 12. b4 a5 13. Na4 Qb5 14. Nc3 Qc4 15.
Bb2 axb4 16. Nd2 Qxd4 17. axb4 Rxa1 18. Bxa1 Qxb4 19. Qb3 Qxb3 20. Nxb3 Bd7 21.
Na4 Rb8 22. Nbc5 Bxc5 23. Nxc5 Be8 24. Rc1 Rb4 25. Nd3 Ra4 26. Bc3 Nd4 27. Kf1
Nb5 28. Ke2 Nxc3+ 29. Rxc3 f6 30. exf6 gxf6 31. Kf3 Bh5+ 32. Ke3 d4+ 33. Kd2
dxc3+ 34. Kxc3 Ra3+ 35. Kd2 Rxd3+ 36. Kxd3 Kf7 37. f3 Ke7 38. Kd4 Kd6 39. g4 Bg6
40. h4 h6 41. f4 e5+ 42. fxe5+ fxe5+ 43. Kc4 e4 44. Kc3 Ke5 45. Kd2 Kf4 46. g5
hxg5 47. hxg5 Kxg5 48. Ke3 c5 49. Ke2 Kf4 50. Kf2 c4 51. Ke2 c3 52. Kd1 e3 53.
Ke1 c2 {White resigns} 0-1

[Event "Team 45 45 League T37"]
[Site "Internet Chess Club"]
[Date "2008.05.16"]
[Round "4"]
[White "Trevorking"]
[Black "avila"]
[Result "0-1"]
[WhiteElo "1477"]
[BlackElo "1657"]
[Opening "Sicilian: dragon variation"]
[ECO "B70"]
[Time "22:00:00"]
[TimeControl "2700+45"]

1. e4 c5 2. Nf3 d6 3. d4 cxd4 4. Nxd4 Nf6 5. Nc3 g6 6. Bb5+ Bd7 7. Bxd7+ Nbxd7
8. O-O Bg7 9. Be3 O-O 10. Qd2 Re8 11. Bh6 Bh8 12. Rae1 Qb6 13. Nb3 Ne5 14. Be3
Qa6 15. a3 Nc4 16. Qc1 Nxe3 17. Qxe3 Ng4 18. Qf3 Ne5 19. Qe3 Nc4 20. Qc1 Nxa3
21. bxa3 Bxc3 22. Re3 Bg7 23. Rd3 Rac8 24. Nd4 Qxd3 25. cxd3 Rxc1 26. Rxc1 Bxd4
27. Kf1 b5 28. a4 b4 29. Rb1 a5 30. Ke2 Rc8 31. f3 Rc2+ 32. Kf1 {White resigns}
0-1

[Event "Team 45 45 League T37"]
[Site "Internet Chess Club"]
[Date "2008.05.15"]
[Round "4"]
[White "sakschess"]
[Black "scottrugby"]
[Result "1/2-1/2"]
[WhiteElo "1497"]
[BlackElo "1592"]
[Opening "Sicilian: Alapin's variation (2.c3)"]
[ECO "B22"]
[Time "19:01:19"]
[TimeControl "2700+45"]

1. e4 c5 2. c3 g6 3. d4 cxd4 4. cxd4 d5 5. e5 Nc6 6. Nf3 f6 7. Bb5 Bg7 8. O-O a6
9. Bxc6+ bxc6 10. Bf4 Bg4 11. h3 Bxf3 12. Qxf3 Qb6 13. Qc3 Nh6 14. Bxh6 Bxh6 15.
exf6 exf6 16. Re1+ Kf7 17. Na3 Rhe8 18. Nc2 a5 19. Ne3 Bxe3 20. fxe3 Re6 21.
Rac1 Rb8 22. b3 Qb4 23. Qxb4 axb4 24. Kf2 Ra8 25. Re2 f5 26. Rec2 Ra6 27. Re2
Ke7 28. Rcc2 Kd7 29. Kf3 g5 30. g4 fxg4+ 31. Kxg4 Rg6 32. Rf2 Rh6 33. Rf3 c5 34.
dxc5 Rae6 35. Re2 Re4+ 36. Kg3 Reh4 37. Rh2 g4 38. Rf4 Rxh3+ 39. Rxh3 Rxh3+ 40.
Kxg4 Rxe3 41. Rf7+ Kc6 42. Rxh7 Kxc5 43. Rc7+ Kb6 44. Rc2 Kb5 45. Kf4 d4 46. Rc4
Re2 47. Rxd4 Rxa2 48. Ke4 Rb2 {Game drawn by mutual agreement} 1/2-1/2

[Event "Team 45 45 League T37"]
[Site "Internet Chess Club"]
[Date "2008.05.16"]
[Round "4"]
[White "az2112"]
[Black "Kingofknights"]
[Result "1/2-1/2"]
[WhiteElo "1715"]
[BlackElo "1806"]
[Opening "Caro-Kann: advance variation"]
[ECO "B12"]
[Time "18:34:36"]
[TimeControl "2700+45"]

1. e4 c6 2. d4 d5 3. e5 Bf5 4. g4 Bd7 5. f4 e6 6. Nf3 c5 7. Nc3 Nc6 8. Ne2 Be7
9. Ng3 cxd4 10. Nxd4 Qa5+ 11. Bd2 Qb6 12. Nb3 Rc8 13. Bd3 a5 14. a4 Nb4 15. Bc3
Qe3+ 16. Qe2 Nxd3+ 17. cxd3 Qb6 18. Nd4 Bc5 19. Nb5 d4 20. Bd2 Bc6 21. Ne4 Bxb5
22. axb5 Ne7 23. O-O Nd5 24. Rfc1 O-O 25. Bxa5 Qxb5 26. Qc2 Be7 27. Qxc8 Rxc8
28. Rxc8+ Bf8 29. Bd2 Nb6 30. Rb8 Qxd3 31. Bb4 Qe3+ 32. Kf1 Qxf4+ 33. Nf2 Nd7
34. Rxf8+ Nxf8 35. Ra8 h6 36. Bxf8 Kh7 37. Rd8 Qc1+ 38. Kg2 Qxb2 39. Be7 Qc3 40.
g5 Qc7 41. Rxd4 Qxe7 42. gxh6 Qg5+ 43. Ng4 gxh6 44. h4 Qf5 45. Nf6+ Kg7 46. Rg4+
Qxg4+ 47. Nxg4 Kg6 48. Kg3 h5 49. Nf6 b5 50. Kf4 b4 51. Ne4 b3 52. Nc3 b2 53.
Nb1 f5 54. Nc3 {Game drawn by mutual agreement} 1/2-1/2

[Event "Team 45 45 League T37"]
[Site "Internet Chess Club"]
[Date "2008.05.16"]
[Round "4"]
[White "tryanything"]
[Black "Chess2Play"]
[Result "1-0"]
[WhiteElo "1695"]
[BlackElo "1593"]
[Opening "Sicilian: Smith-Morra gambit"]
[ECO "B21"]
[Time "18:59:26"]
[TimeControl "2700+45"]

1. e4 c5 2. d4 cxd4 3. c3 dxc3 4. Nxc3 Nc6 5. Nf3 d6 6. Bc4 e6 7. Qe2 Nf6 8. Bf4
e5 9. Ng5 Be6 10. Nxe6 fxe6 11. Be3 d5 12. exd5 exd5 13. Rd1 Bb4 14. O-O Bxc3
15. bxc3 O-O 16. Bg5 Kh8 17. Bxd5 Qc7 18. Bxf6 Rxf6 19. Rfe1 Raf8 20. f3 h6 21.
Qc2 Rc8 22. c4 Ne7 23. Qe4 Qc5+ 24. Kh1 Nxd5 25. cxd5 Qd6 26. Qxe5 Qxe5 27. Rxe5
Rd6 28. h3 Rcd8 29. g4 Kg8 30. Kg2 Kf7 31. f4 Rc8 32. Rd2 Rc3 33. f5 b5 34. Re6
Rxe6 35. dxe6+ Ke8 36. h4 Rc7 37. g5 hxg5 38. hxg5 b4 39. f6 gxf6 40. gxf6 Rc8
41. Kf3 a5 42. Kf4 a4 43. Kf5 b3 44. axb3 axb3 45. f7+ Ke7 46. Rd7+ Kf8 47. Kf6
b2 48. e7# {Black checkmated} 1-0

[Event "Team 45 45 League T37"]
[Site "Internet Chess Club"]
[Date "2008.05.14"]
[Round "4"]
[White "NaoXidnan"]
[Black "klutzer"]
[Result "1-0"]
[WhiteElo "1663"]
[BlackElo "1627"]
[Opening "QGD: Chigorin defense"]
[ECO "D07"]
[Time "22:00:46"]
[TimeControl "2700+45"]

1. d4 d5 2. c4 Nc6 3. Nf3 Bg4 4. Nc3 e6 5. Bf4 Bb4 6. e3 Nf6 7. a3 Bxc3+ 8. bxc3
Ne4 9. Qc2 O-O 10. Ne5 Bf5 11. Nxc6 bxc6 12. Bd3 Nd6 13. cxd5 cxd5 14. Bxd6 cxd6
15. Bxf5 exf5 16. Qxf5 Qa5 17. O-O Qxc3 18. Qxd5 Rfd8 19. Rfc1 Qb2 20. a4 Qb4
21. Rc7 Rf8 22. Rxf7 Rxf7 23. Qxa8+ Rf8 24. Qxa7 Qb2 25. Rf1 d5 26. a5 h6 27. a6
Kh7 28. Qc5 Ra8 29. Qxd5 Rxa6 30. Qf5+ Rg6 31. Rb1 Qe2 32. h4 h5 33. d5 Kh6 34.
d6 Qd2 35. d7 Qd6 36. Qf4+ {Black resigns} 1-0

[Event "Team 45 45 League T37"]
[Site "Internet Chess Club"]
[Date "2008.05.25"]
[Round "4"]
[White "beerss"]
[Black "Toalla"]
[Result "1-0"]
[WhiteElo "1492"]
[BlackElo "1306"]
[Opening "Bird: From gambit"]
[ECO "A02"]
[Time "08:04:36"]
[TimeControl "2700+45"]

1. f4 e5 2. fxe5 d6 3. Nf3 Nc6 4. e3 Be6 5. Bb5 a6 6. Bxc6+ bxc6 7. exd6 cxd6 8.
O-O Rb8 9. b3 Be7 10. Bb2 Bf6 11. Nd4 Qc7 12. Nxe6 fxe6 13. Bxf6 Nxf6 14. d3 d5
15. Qf3 O-O 16. Qh3 Qe7 17. Nd2 Nd7 18. Rxf8+ Rxf8 19. d4 Rf7 20. Nf3 Qf6 21.
Qg3 Qg6 22. Qh4 Rxf3 23. Qd8+ Nf8 24. Qc8 Rf6 25. Qxc6 Qf7 26. Qxa6 Ng6 27. a4
Ne7 28. a5 Qe8 29. Qd3 Nc6 30. a6 Rf7 31. Qb5 Qa8 32. Qe2 g6 33. Qg4 Qc8 34. Qe2
Kf8 35. Qd2 Ke8 36. b4 Qb8 37. c3 Kd8 38. Qe2 Qb6 39. b5 Na5 40. Qb2 Kc8 41. Qe2
Kd8 42. Qa2 Kc8 43. Qxa5 {Black resigns} 1-0

[Event "Team 45 45 League T37"]
[Site "Internet Chess Club"]
[Date "2008.05.19"]
[Round "4"]
[White "CLEAN"]
[Black "carolinaknight"]
[Result "1-0"]
[WhiteElo "1301"]
[BlackElo "1299"]
[Opening "French: Two knights variation"]
[ECO "C00"]
[Time "21:07:44"]
[TimeControl "2700+45"]

1. e4 e6 2. Nc3 d5 3. Nf3 c5 4. b3 Qb6 5. Bb2 Nc6 6. exd5 exd5 7. Nxd5 Qd8 8. c3
Qxd5 9. c4 Qd8 10. d4 Nf6 11. d5 Qa5+ 12. Qd2 Qxd2+ 13. Nxd2 Nd4 14. Bd3 Bd6 15.
O-O O-O 16. Rae1 Ng4 17. g3 Nf6 18. f4 Bh3 19. Rf2 Ng4 20. Rf3 Rae8 21. Rd1
Nxf3+ 22. Nxf3 Re3 23. Ng5 Rfe8 24. Bc3 Nf2 25. Bxh7+ Kh8 26. Kxf2 Re2+ 27. Kg1
R8e3 28. Bd3 Rxa2 29. Nxf7+ Kg8 30. Nxd6 b6 31. Ne4 Bg2 32. Nf2 Bf3 33. Rd2 Re1+
34. Bf1 Ra3 35. Rd3 Be2 36. Bxe1 {Black resigns} 1-0

[Event "Team 45 45 League T37"]
[Site "Internet Chess Club"]
[Date "2008.05.16"]
[Round "4"]
[White "CoasterBrake"]
[Black "PsyMar"]
[Result "1-0"]
[WhiteElo "1152"]
[BlackElo "1190"]
[Opening "English: Jaenisch gambit"]
[ECO "A10"]
[Time "16:01:49"]
[TimeControl "2700+45"]

1. c4 b5 2. cxb5 a6 3. Nc3 d5 4. Nf3 d4 5. Ne4 Bb7 6. Ng3 axb5 7. e3 dxe3 8.
Bxb5+ c6 9. Ba4 exf2+ 10. Kxf2 Qb6+ 11. d4 Nd7 12. Qb3 Qxb3 13. Bxb3 c5 14. Ne5
e6 15. Nxd7 Kxd7 16. Be3 cxd4 17. Bxd4 Nf6 18. Rhd1 Kc6 19. Rac1+ Kb5 20. Rc7
Ra7 21. Bxa7 Ng4+ 22. Kg1 Ba8 23. Rc8 {Black resigns} 1-0

[Event "Team 45 45 League T37"]
[Site "Internet Chess Club"]
[Date "2008.05.19"]
[Round "4"]
[White "EyeAm"]
[Black "ckak0202"]
[Result "1-0"]
[WhiteElo "1412"]
[BlackElo "1253"]
[Opening "Giuoco Piano"]
[ECO "C54"]
[Time "18:46:24"]
[TimeControl "2700+45"]

1. e4 e5 2. Nf3 Nc6 3. Bc4 Bc5 4. c3 Nf6 5. d4 Bb6 6. d5 Na5 7. Bd3 d6 8. b4 Nc4
9. O-O Bd7 10. Qe2 O-O 11. Bxc4 Bg4 12. h3 Bh5 13. Be3 Bxe3 14. Qxe3 Bg6 15. Bd3
Nh5 16. Nbd2 Nf4 17. a4 Qf6 18. c4 Bh5 19. a5 Qg6 20. Ne1 Bg4 21. hxg4 Qxg4 22.
Qg3 Ne2+ 23. Bxe2 Qxe2 24. Qe3 Qg4 25. Qf3 Qg5 26. Rd1 f5 27. Qg3 Qh5 28. Nef3
f4 29. Qg5 Qf7 30. Qf5 Qe8 31. Qe6+ Qxe6 32. dxe6 Rae8 33. Nb3 Rxe6 34. c5 dxc5
35. Nxc5 Rh6 36. Nxb7 Rb8 37. Rd8+ Rxd8 38. Nxd8 Rd6 39. Nb7 Rd3 40. Re1 Rb3 41.
Nxe5 Rxb4 42. Nd8 c5 43. Rc1 Rb5 44. Nd3 Rxa5 45. Nxc5 g5 46. e5 h5 47. e6 Kf8
48. Nd7+ Ke8 49. Nf7 g4 50. Re1 Ke7 51. Nfe5 Ra6 52. Ng6+ Ke8 53. Nf6+ Kd8 54.
e7+ Kc7 55. e8=Q Rxf6 56. Re7+ Kd6 57. Qd8+ Kc6 58. Rc7+ Kb6 59. Rf7+ {Black
resigns} 1-0

[Event "Team 45 45 League T37"]
[Site "Internet Chess Club"]
[Date "2008.05.17"]
[Round "4"]
[White "Renato77"]
[Black "Hastings"]
[Result "0-1"]
[WhiteElo "1158"]
[BlackElo "1332"]
[Opening "Mieses opening"]
[ECO "A00"]
[Time "16:52:00"]
[TimeControl "2700+45"]

1. d3 e5 2. Nf3 Nc6 3. e4 Nf6 4. Bg5 Be7 5. Nc3 O-O 6. Qd2 d6 7. h3 b6 8. O-O-O
Bb7 9. Kb1 a5 10. d4 exd4 11. Nxd4 Nxd4 12. Qxd4 c5 13. Qe3 Nd7 14. h4 Re8 15.
Rxd6 f6 16. Rxd7 Qxd7 17. Bb5 Bc6 18. Rd1 Qb7 19. Bc4+ Kh8 20. Bf7 Red8 21. Nd5
fxg5 22. hxg5 Bxg5 23. Qxg5 Qxf7 24. c4 Rd6 25. Qf4 Qxf4 26. Nxf4 Rxd1+ 27. Kc2
Rad8 28. Nd3 Bxe4 29. Kc3 R8xd3+ {White forfeits on time} 0-1

[Event "Team 45 45 League T37"]
[Site "Internet Chess Club"]
[Date "2008.05.16"]
[Round "4"]
[White "tmac63"]
[Black "BosqueVerde"]
[Result "0-1"]
[WhiteElo "1017"]
[BlackElo "1252"]
[Opening "Queen's pawn game, Krause variation"]
[ECO "D02"]
[Time "21:02:16"]
[TimeControl "2700+45"]

1. d4 d5 2. Nf3 c5 3. c3 Nc6 4. Bf4 Qb6 5. Qc1 cxd4 6. cxd4 Nxd4 7. Be3 Nxf3+ 8.
exf3 d4 9. Bd2 e5 10. Bd3 Nf6 11. Na3 Bxa3 12. bxa3 O-O 13. O-O Be6 14. f4 e4
15. Rb1 Qc6 16. Qxc6 bxc6 17. Bc2 Bxa2 18. Rb4 d3 19. Ba4 c5 20. Rb5 c4 21. Rb2
c3 22. Rxa2 cxd2 23. Rxd2 Rad8 24. Re1 Rd4 25. Bb3 Rb8 26. Ba2 Kf8 27. Rb1 Rxb1+
28. Bxb1 Nd5 29. g3 a5 30. Kf1 Nc3 31. Ba2 Nxa2 32. Rb2 d2 33. Rb8+ Ke7 34. Rb7+
Kf6 35. Rb6+ Kf5 36. Rb5+ Kg4 37. Rg5+ Kf3 38. Rxg7 d1=Q# {White checkmated} 0-1

[Event "Team 45 45 League T37"]
[Site "Internet Chess Club"]
[Date "2008.05.19"]
[Round "4"]
[White "WannaB"]
[Black "MeansToAnEnd"]
[Result "1/2-1/2"]
[WhiteElo "1140"]
[BlackElo "1134"]
[Opening "Sicilian: closed"]
[ECO "B23"]
[Time "20:30:03"]
[TimeControl "2700+45"]

1. e4 c5 2. Nc3 d6 3. f4 e6 4. Bb5+ Nc6 5. Bxc6+ bxc6 6. Nf3 d5 7. d3 Qa5 8.
exd5 cxd5 9. O-O Bb7 10. a4 Bd6 11. Nb5 Rd8 12. Nxd6+ Rxd6 13. Bd2 Qb6 14. b3
Ba6 15. a5 Qc7 16. Re1 c4 17. Bb4 Rc6 18. Nd4 Bb7 19. Nxc6 Bxc6 20. dxc4 Nf6 21.
f5 Qb7 22. Qd4 Qxb4 23. fxe6 fxe6 24. Rxe6+ Kd7 25. Rxc6 Kxc6 26. Qxa7 Re8 27.
Qa6+ Kd7 28. Qa7+ Ke6 29. Qb6+ Qd6 30. Qxd6+ Kxd6 31. a6 Ra8 32. Ra5 Ne4 33.
Rxd5+ Kc6 34. Ra5 Kb6 35. b4 Rxa6 36. c5+ Nxc5 37. Rxa6+ Nxa6 38. c3 g5 39. Kf2
Kb5 40. g3 Kc4 41. Kf3 Kxc3 42. Kg4 Nxb4 43. Kxg5 Nd5 44. h4 Kd4 45. g4 Ke5 46.
Kh6 Kf4 47. g5 Kg4 48. g6 Nf6 49. gxh7 Nxh7 50. Kxh7 Kxh4 {Game drawn because
neither player has mating material} 1/2-1/2

[Event "Team 45 45 League T37"]
[Site "Internet Chess Club"]
[Date "2008.05.17"]
[Round "4"]
[White "Ocho-Cinco"]
[Black "lmadueno"]
[Result "1-0"]
[WhiteElo "1763"]
[BlackElo "1513"]
[Opening "Philidor: Hanham variation"]
[ECO "C41"]
[Time "21:14:47"]
[TimeControl "2700+45"]

1. e4 e5 2. Nf3 d6 3. d4 Nd7 4. dxe5 dxe5 5. Bc4 Be7 6. Nc3 c6 7. Be3 Ngf6 8.
Ng5 O-O 9. Qd2 Ng4 10. Nf3 b5 11. Bb3 Nxe3 12. Qxe3 Nf6 13. Nxe5 Qc7 14. Nxf7
Rxf7 15. f3 Bb4 16. O-O-O Bb7 17. a3 Bxc3 18. Qxc3 c5 19. Bxf7+ Qxf7 20. Qb3 c4
21. Qxb5 Rb8 22. Qa5 h6 23. Rd8+ Rxd8 24. Qxd8+ Ne8 25. Rd1 Bc6 26. Qc8 Bb5 27.
Qc5 a6 28. Kb1 Nf6 29. Rd8+ Kh7 30. Rf8 Qd7 31. Kc1 Qe6 32. Qe3 Nd5 33. Qc5 Nf6
34. Qd4 Qe7 35. Rb8 Qc7 36. Rd8 Qxh2 37. e5 Qh1+ 38. Kd2 Qxg2+ 39. Kc3 Qxf3+ 40.
Kb4 Ng8 41. e6 c3 42. bxc3 Ne7 43. Kb3 Qb7 44. Ka2 Qc7 45. Qe4+ Ng6 46. Rd1 Qxc3
47. e7 Bc4+ 48. Kb1 Bb5 49. e8=Q Bxe8 50. Qxe8 Qxa3 51. Qe4 Qa5 52. Rd5 Qb6+ 53.
Ka1 Qc6 54. Qd3 Qf6+ 55. Ka2 Qe6 56. Ka3 Qb6 57. Rd6 Qc5+ 58. Kb3 Qg5 59. c4 h5
60. c5 a5 61. Qxg6+ Qxg6 62. Rxg6 Kxg6 63. c6 Kf7 64. c7 {Black resigns} 1-0

[Event "Team 45 45 League T37"]
[Site "Internet Chess Club"]
[Date "2008.05.17"]
[Round "4"]
[White "isolani"]
[Black "clarinetref"]
[Result "1/2-1/2"]
[WhiteElo "1587"]
[BlackElo "1684"]
[Opening "King's Indian: Kazakh variation"]
[ECO "E91"]
[Time "20:11:01"]
[TimeControl "2700+45"]

1. d4 Nf6 2. Nf3 d6 3. c4 g6 4. Nc3 Bg7 5. e4 O-O 6. Be2 Na6 7. O-O e5 8. d5 Nc5
9. Qc2 a5 10. Be3 b6 11. h3 h6 12. b3 Ne8 13. Nd2 f5 14. f3 f4 15. Bxc5 bxc5 16.
Kh2 Qg5 17. Rg1 Qg3+ 18. Kh1 Bxh3 19. Nf1 Qh4 20. gxh3 Qxh3+ 21. Nh2 g5 22. Bf1
Qh5 23. Qg2 Nf6 24. Qh3 Qg6 25. Qf5 Qh5 26. Qh3 {Game drawn by mutual agreement}
1/2-1/2

[Event "Team 45 45 League T37"]
[Site "Internet Chess Club"]
[Date "2008.05.19"]
[Round "4"]
[White "RD1974"]
[Black "jjmolina"]
[Result "1-0"]
[WhiteElo "1624"]
[BlackElo "1615"]
[Opening "Scotch gambit: Dubois-Réti defense"]
[ECO "C55"]
[Time "12:05:01"]
[TimeControl "2700+45"]

1. e4 e5 2. Nf3 Nc6 3. d4 exd4 4. Bc4 Nf6 5. e5 d5 6. Bb5 Ne4 7. Nxd4 Bd7 8.
Bxc6 bxc6 9. O-O c5 10. Nf3 c6 11. c3 Be7 12. Nbd2 Bg4 13. h3 Bh5 14. Qa4 Qc7
15. Nxe4 Bxf3 16. Nd6+ Bxd6 17. exd6 Qxd6 18. gxf3 O-O 19. Bf4 Qd7 20. Kh2 Rfd8
21. Rg1 Qf5 22. Rg5 Qe6 23. Rag1 g6 24. Be3 c4 25. Qc2 Qd6+ 26. f4 c5 27. Rd1 d4
28. cxd4 cxd4 29. Rxd4 Qxd4 30. Bxd4 Rxd4 31. f5 Rad8 32. Kg2 R8d5 33. Rg4 Rd2
34. Qe4 Ra5 35. f6 Rd8 36. Qe7 Rf8 37. Qe3 Rf5 38. Rf4 Rg5+ 39. Kh2 Rc8 40. Rxc4
{Black resigns} 1-0

[Event "Team 45 45 League T37"]
[Site "Internet Chess Club"]
[Date "2008.05.18"]
[Round "4"]
[White "PANAMA-REY"]
[Black "Aquaman"]
[Result "0-1"]
[WhiteElo "1451"]
[BlackElo "1410"]
[Opening "QP counter-gambit (elephant gambit)"]
[ECO "C40"]
[Time "14:59:33"]
[TimeControl "2700+45"]

1. e4 e5 2. Nf3 d5 3. c3 dxe4 4. Qa4+ Nc6 5. Qxe4 Nf6 6. Qc2 Bd6 7. Bc4 O-O 8.
O-O Bg4 9. Be2 e4 10. Nd4 Nxd4 11. cxd4 Bxe2 12. Re1 Bd3 13. Qd1 Re8 14. b3 Bb5
15. Bb2 Bd7 16. Nc3 Bxh2+ 17. Kxh2 Ng4+ 18. Kg1 Qh4 19. Kf1 {White resigns} 0-1